 Dungeon Crawl Stone Soup version 0.31.0-32-g396128a36d (webtiles) character file.

Game seed: 377974590053915514

123673 Tovical the Slayer (level 16, -3/122 HPs)
             Began as a Gargoyle Gladiator on Mar 26, 2024.
             Was the Champion of Okawaru.
             Killed from afar by Nikola (48 damage)
             ... with an arc of chain lightning
             ... on level 2 of the Swamp on Mar 28, 2024.
             The game lasted 02:00:19 (25721 turns).

Tovical the Slayer (Gargoyle Gladiator)            Turns: 25721, Time: 02:00:22

Health: -3/122     AC: 51    Str: 24    XL:     16   Next: 91%
Magic:  22/22      EV:  5    Int: 11    God:    Okawaru [******]
Gold:   2056       SH:  0    Dex: 15    Spells: 15/15 levels left

rFire   + . .        a - +9 eveningstar (freeze)
rCold   . . .        (no shield)
rNeg    + + +        I - +12 crystal plate armour of Awe {rN+++ Regen+ Dex-2}
rPois   ∞            v - +2 helmet
rElec   +            H - +1 cloak
rCorr   .            U - +1 pair of gloves
SInv    .            s - +1 pair of boots {rampage}
Will    +....        O - amulet of regeneration Stlth
                     h - ring of protection from fire
HPRegen 2.00/turn    i - +6 ring of dexterity
MPRegen 0.18/turn

%: rampage
@: flying
A: sickness immunity, AC +12, big wings, negative energy resistance 1,
electricity resistance, torment resistance 1, petrification resistance
a: Renounce Religion, Heroism, Finesse, Duel


You were on level 2 of the Swamp.
You worshipped Okawaru.
Okawaru was exalted by your worship.
You visited 5 branches of the dungeon, and saw 26 of its levels.

You collected 2468 gold pieces.
You spent 412 gold pieces at shops.

Inventory:

Hand Weapons
 a - a +9 eveningstar of freezing (weapon)
 b - the +7 flail of a Million Blessings {holy, rPois rF+ rCorr}
   (You found it on level 8 of the Dungeon)

   rF+:       It protects you from fire.
   rPois:     It protects you from poison rCorr: It protects you from acid and
   corrosion.
Missiles
 c - 15 atropa-tipped darts
 d - a throwing net
 e - 12 javelins
 k - 17 boomerangs (quivered)
 D - 5 datura-tipped darts
 F - 4 darts of dispersal
 P - 3 silver javelins
Armour
 m - a scarf of resistance
 s - a +1 pair of boots of rampaging (worn)
 v - a +2 helmet (worn)
 y - a +0 ring mail of cold resistance
 H - a +1 cloak (worn)
 I - the +12 crystal plate armour of Awe (worn) {rN+++ Regen+ Dex-2}
   (Okawaru gifted it to you on level 4 of the Lair of Beasts)

   Dex-2:     It affects your dexterity (-2).
   rN+++:     It renders you almost immune to negative energy.
   Regen+:    It increases your rate of health regeneration.
 Q - the +1 leather armour of Leapfrog {rCorr Str+3}
   (You found it on level 13 of the Dungeon)

   Str+3:     It affects your strength (+3).
   rCorr:     It protects you from acid and corrosion.
 U - a +1 pair of gloves (worn)
Jewellery
 h - a ring of protection from fire (left hand)
 i - a +6 ring of dexterity (right hand)
 K - a ring of fire
 O - an amulet of regeneration (around neck)
Wands
 g - a wand of mindburst (2)
 J - a wand of roots (5)
 R - a wand of light (2)
Scrolls
 f - 5 scrolls of revelation
 n - 3 scrolls of teleportation
 o - 5 scrolls of blinking
 p - a scroll of enchant weapon
 t - a scroll of fog
 u - 4 scrolls of torment
 w - a scroll of brand weapon
 A - 14 scrolls of identify
 T - 2 scrolls of fear
Potions
 j - 4 potions of haste
 l - a potion of curing
 q - 3 potions of might
 r - 2 potions of mutation
 x - 2 potions of ambrosia
 z - 3 potions of attraction
 C - 2 potions of magic
 E - 2 potions of resistance
 G - 2 potions of enlightenment
 L - 4 potions of cancellation
 S - a potion of heal wounds
Miscellaneous
 M - a lightning rod (4/4)
 N - a phial of floods


   Skills:
 + Level 21.7 Fighting
 + Level 18.4 Maces & Flails
 + Level 11.8 Throwing
 - Level 5.2 Armour
 - Level 2.4 Dodging
 - Level 8.1 Invocations


You had 15 spell levels left.
You didn't know any spells.
Your spell library contained the following spells:

 Spells                   Type           Power      Damage    Failure   Level
 Apportation              Tloc           0%         N/A       100%        1
 Freeze                   Ice            0%         1d3       100%        1
 Magic Dart               Conj           0%         1d3       100%        1
 Necrotise                Necr           0%         1d4       100%        1
 Sandblast                Erth           0%         2d4       100%        1
 Shock                    Conj/Air       0%         1d3       100%        1
 Blink                    Tloc           0%         N/A       100%        2
 Jinxbite                 Hex            0%         N/A       100%        2
 Lesser Beckoning         Tloc           0%         N/A       100%        2
 Momentum Strike          Conj/Tloc      0%         3d8       100%        2
 Searing Ray              Conj           0%         2d4       100%        2
 Static Discharge         Conj/Air       0%         3-3/arc   100%        2
 Frozen Ramparts          Ice            0%         1d1       100%        3
 Hailstorm                Conj/Ice       0%         3d5       100%        3
 Passwall                 Erth           0%         N/A       100%        3
 Stone Arrow              Conj/Erth      0%         3d7       100%        3
 Swiftness                Air            0%         N/A       100%        3
 Airstrike                Air            0%         2d(0-16)  100%        4
 Anguish                  Hex/Necr       0%         N/A       100%        4
 Brom's Barrelling Bould  Conj/Erth      0%         2d3       100%        4
 Cause Fear               Hex            0%         N/A       100%        4
 Fulminant Prism          Conj/Alch      0%         3d5       100%        4
 Leda's Liquefaction      Alch/Erth      0%         N/A       100%        4
 Petrify                  Alch/Erth      0%         N/A       100%        4
 Alistair's Intoxication  Alch           0%         N/A       100%        5
 Metabolic Englaciation   Hex/Ice        0%         N/A       100%        5
 Silence                  Hex/Air        0%         N/A       100%        5
 Yara's Violent Unravell  Hex/Alch       0%         3d3       100%        5
 Conjure Ball Lightning   Conj/Air       0%         3x3d6     100%        6
 Eringya's Noxious Bog    Alch           0%         4d6       100%        6
 Plasma Beam              Fire/Air       0%         2x1d10    100%        6
 Enfeeble                 Hex            0%         N/A       100%        7
 Tukima's Dance           Hex            Unusable   N/A       N/A         3
 Summon Lightning Spire   Summ/Air       Unusable   N/A       N/A         4
 Summon Mana Viper        Hex/Summ       Unusable   N/A       N/A         5
 Death Channel            Necr           Unusable   N/A       N/A         6

Dungeon Overview and Level Annotations

Branches:
Dungeon (15/15) Temple (1/1) D:7 Lair (5/5) D:9 Swamp (3/4) Lair:2 Snake (0/4) Lair:3 Slime (0/5) Lair:4 Orc (2/2) D:11 Elf (0/3) Orc:2 Vaults (0/5) D:13 D:14 Depths (0/4) D:15

Altars:
Ashenzari
Cheibriados
Dithmenos
Elyvilon
Fedhas
Gozag
Hepliaklqana
Kikubaaqudgha
Makhleb
Nemelex Xobeh
Okawaru
Qazlal
Ru
Sif Muna
Trog
Uskayaw
Vehumet
Wu Jian
Xom
Yredelemnul
Zin
The Shining One
Jiyva

Shops:
D:1 :   D:2 =   D:5 (   D:13 (   D:14 =   Orc:2 ([(*

Annotations:
Swamp:2 Nikola


Innate Abilities, Weirdness & Mutations

You are immune to sickness and miasma.
Your stone body is resilient. (AC +12)
You are immune to poison.
Your large and strong wings let you fly.
You resist negative energy. (rN+)
You are resistant to electric shocks. (rElec)
You are resistant to unholy torment.
You are immune to petrification.


Message History

Aim: Nikola, wielding a +3 rapier of electrocution, wearing a +1 cloak of willpower and wearing a +0 pair of gloves (severely wounded, poisoned, slow, 74% to hit)
You throw a boomerang.
The boomerang hits Nikola but does no damage.
Nikola is severely wounded.
Nikola is no longer moving slowly.
Aiming: Mindburst
Press: ? - help, Shift-Dir - straight line, f/p - Nikola
Aim: Nikola, wielding a +3 rapier of electrocution, wearing a +1 cloak of willpower and wearing a +0 pair of gloves (severely wounded, poisoned, chance to affect: 0%) Nikola resists with almost no effort.
Throw: 17 boomerangs
Press: ? - help, Q - select action, (/) - cycle Shift-Dir - straight line, f/p - Nikola
Aim: Nikola, wielding a +3 rapier of electrocution, wearing a +1 cloak of willpower and wearing a +0 pair of gloves (severely wounded, poisoned, 74% to hit)
You throw a boomerang. The boomerang closely misses Nikola.
Throw: 17 boomerangs
Press: ? - help, Q - select action, (/) - cycle Shift-Dir - straight line, f/p - Nikola
Aim: Nikola, wielding a +3 rapier of electrocution, wearing a +1 cloak of willpower and wearing a +0 pair of gloves (severely wounded, poisoned, 74% to hit)
You throw a boomerang. The boomerang hits Nikola!
Nikola is severely wounded.
Nikola gestures wildly while chanting.
Lightning arcs from Nikola's hands!
The bolt of lightning hits you!!! You resist.
A bolt of lightning appears from out of thin air!
The bolt of lightning hits Nikola!
You hear a hideous shriek!
Okay, then.
Throw: 17 boomerangs
Press: ? - help, Q - select action, (/) - cycle Shift-Dir - straight line, f/p - Nikola
Aim: Nikola, wielding a +3 rapier of electrocution, wearing a +1 cloak of willpower and wearing a +0 pair of gloves (severely wounded, poisoned, 74% to hit)
Okay, then.
Throw: 2 throwing nets
Press: ? - help, Shift-Dir - straight line, f/p - Nikola
Aim: Nikola, wielding a +3 rapier of electrocution, wearing a +1 cloak of willpower and wearing a +0 pair of gloves (severely wounded, poisoned, 74% to hit)
You throw a throwing net. The throwing net hits Nikola.
Nikola is caught in the net!
Nikola is severely wounded.
You hear a splash.
Nikola mumbles some strange words.
Lightning arcs from Nikola's hands!
The bolt of lightning hits you!!! You resist.
You die...

♣.~~~~.. ~~~♣~.~.
♣♣~~~~~♣~~. ~. ♣....
♣~....♣♣.~.~~.♣ ♣♣♣♣♣
♣~..~♣~.~.~~~. ♣♣.
♣♣.~~♣......~♣♣♣♣♣♣~.
♣.~~~..♣.....♣.>.♣♣.~
♣♣<.....♣♣...♣♣.~~♣♣.~
♣~~@~(~~≈♣♣.♣♣≈~~.♣♣.~
♣.§(~@.≈≈≈♣.♣≈≈...♣♣..
♣~~~...≈≈~..≈≈≈♣.....~
♣♣~~♣♣≈≈~~.♣.≈≈≈~~~~~.
♣.~.♣♣≈≈~.♣.≈≈≈≈~~~~~~
♣.~~♣≈≈....≈≈≈≈≈≈~~~~~
♣...♣≈≈♣.~♣≈≈≈≈≈≈..~~~
♣♣..♣≈≈≈.♣≈≈≈..≈≈≈~.~~
♣♣♣♣≈≈♣..≈≈..≈§≈≈.~.~
#≈≈~.n♣.~~.♣≈≈.~~♣


You could see Nikola (caught, poisoned).

Vanquished Creatures
  3 ghouls (Swamp:1)
  Nessos (D:14)
  4 bunyips
  Azrael (D:15)
  5 hydras
  4 alligators
  3 centaur warriors
  2 catoblepae (D:14)
  6 two-headed ogres
  A merfolk avatar (Lair:5)
  A boulder beetle (D:14)
  7 tengu warriors
  16 death yaks
  5 orc high priests
  5 skysharks
  A deep troll (D:15)
  A death drake (Lair:2)
  2 goliath frogs
  2 spriggan druids (Swamp:1)
  4 skeletal warriors (D:14)
  An arcanist (D:13)
  6 bog bodies (Swamp:1)
  3 swamp dragons
  A mana viper (shapeshifter) (D:15)
  A lindwurm (Lair:1)
  A harpy (Lair:4)
  An orc knight (D:14)
  3 deep elf pyromancers
  A necromancer (D:15)
  5 cyclopes
  3 manticores
  14 ugly things
  3 orc sorcerers
  5 will-o-the-wisps
  2 kobold blastminers (Orc:1)
  28 elephants
  2 black mambas
  11 cane toads
  4 gargoyles
  3 unseen horrors
  9 spectral spriggans (Swamp:1)
  A cane toad (shapeshifter) (D:13)
  A torpor snail (Lair:4)
  11 komodo dragons
  A freezing wraith (Swamp:1)
  2 rime drakes
  A yaktaur (D:13)
  5 trolls
  2 bloated husks
  4 polar bears
  5 tyrant leeches
  A troll (shapeshifter) (D:11)
  2 hornets
  18 blink frogs
  A snapping turtle (Lair:5)
  14 slime creatures
  A centaur simulacrum (D:14)
  2 shadows
  2 wraiths
  3 basilisks
  A fire elemental (D:15)
  16 humans (D:13)
  6 wyverns
  48 yaks
  Grum (Lair:1)
  2 vampire mosquitoes (Swamp:1)
  2 steam dragons
  Menkaure (D:6)
  11 swamp worms
  2 nagas (Lair:3)
  An acid dragon (shapeshifter) (D:10)
  3 acid dragons
  31 water moccasins
  3 hell hounds (D:15)
  2 sky beasts (D:7)
  A swamp drake (Lair:1)
  16 orc warriors
  3 laughing skulls
  A black bear (D:3)
  5 ogres
  17 wolves
  4 centaurs
  A kobold brigand (D:6)
  8 bullfrogs
  6 scorpions
  15 wights
  18 killer bees
  3 electric eels
  5 howler monkeys
  6 hounds
  34 orc priests
  3 jellies
  2 iguanas (D:6)
  A sleepcap (D:7)
  34 orc wizards
  17 adders
  6 shadow imps
  3 white imps
  4 ufetubi
  2 dart slugs
  91 orcs
  6 bats
  2 endoplasms
  10 giant cockroaches (D:2)
  11 goblins
  4 hobgoblins
  7 jackals
  A quokka (D:1)
  4 ball pythons
  3 frilled lizards
  10 kobolds
  4 rats
756 creatures vanquished.

Vanquished Creatures (others)
  A bog body (Swamp:1)
  3 bloated husks
  A vampire mosquito (D:8)
  An iguana (D:7)
  20 foxfires (Swamp:1)
26 creatures vanquished.

Grand Total: 782 creatures vanquished

Notes
Turn   | Place    | Note
-------+----------+-------------------------------------------
     0 | D:1      | Tovical the Gargoyle Gladiator began the quest for the Orb.
     0 | D:1      | Reached XP level 1. HP: 12/12 MP: 1/1
   219 | D:1      | Reached XP level 2. HP: 18/18 MP: 2/2
   500 | D:1      | Reached skill level 1 in Armour
   597 | D:1      | Reached XP level 3. HP: 20/22 MP: 3/3
   617 | D:1      | Found Wisyim's Book Shoppe.
  1275 | D:2      | Reached XP level 4. HP: 27/27 MP: 4/4
  1309 | D:2      | Reached skill level 3 in Fighting
  1547 | D:2      | Found Keghayff's Jewellery Shop.
  1793 | D:3      | Found an ancient bone altar of Kikubaaqudgha.
  1858 | D:5      | Entered Level 5 of the Dungeon
  1897 | D:3      | Found a shimmering blue altar of Sif Muna.
  1899 | D:3      | Found a radiant altar of Vehumet.
  1903 | D:3      | Got Kikubaaqudgha's Spellbook of the Mausoleum
  1918 | D:3      | Reached XP level 5. HP: 32/32 MP: 5/5
  2003 | D:3      | Noticed a black bear
  2015 | D:3      | Killed a black bear
  2707 | D:4      | Reached XP level 6. HP: 33/38 MP: 6/6
  2732 | D:5      | Found Wyzudix's Weapon Shoppe.
  2879 | D:4      | Reached skill level 4 in Fighting
  3242 | D:5      | Found a stormy altar of Qazlal.
  3398 | D:5      | Found a sparkling altar of Nemelex Xobeh.
  3546 | D:5      | Reached XP level 7. HP: 40/43 MP: 7/7
  3580 | D:5      | Got Jeabauff's Elucidation of Interference
  3583 | D:5      | Got Progressing With Casting
  4066 | D:5      | Found a shimmering altar of Xom.
  4505 | D:6      | Reached skill level 5 in Maces & Flails
  4686 | D:6      | Noticed Menkaure
  4738 | D:6      | Killed Menkaure
  4739 | D:6      | Reached skill level 5 in Fighting
  4739 | D:6      | Reached XP level 8. HP: 46/49 MP: 8/8
  5074 | D:6      | Reached skill level 5 in Armour
  5182 | D:6      | Identified a scroll of acquirement
  5182 | D:6      | Acquired the +7 mace of Variability {chaos, chaos arc}
  5182 | D:6      | Found the +7 mace of Variability {chaos, chaos arc}
  5563 | D:7      | Found a staircase to the Ecumenical Temple.
  5582 | Temple   | Entered the Ecumenical Temple
  5609 | Temple   | Became a worshipper of Warmaster Okawaru
  5663 | D:7      | Identified the +5 dagger of Integrity {spect, rC- Will+
                  | Dex+3}
  5676 | D:8      | Found a hazy altar of Hepliaklqana.
  5735 | D:7      | Reached skill level 1 in Invocations
  5784 | D:7      | Reached skill level 6 in Fighting
  5845 | D:7      | Reached * piety under Okawaru
  5850 | D:7      | Reached XP level 9. HP: 39/56 MP: 9/11
  6096 | D:7      | Found a broken altar of Ashenzari.
  6102 | D:7      | Found a snail-covered altar of Cheibriados.
  6204 | D:7      | Reached skill level 7 in Fighting
  6986 | D:8      | Noticed a seven-headed hydra
  7000 | D:8      | Noticed an efreet
  7000 | D:8      | Noticed a troll
  7000 | D:8      | Noticed a two-headed ogre
  7082 | D:8      | Reached skill level 5 in Invocations
  7116 | D:8      | Reached ** piety under Okawaru
  7117 | D:8      | Reached skill level 8 in Fighting
  7433 | D:8      | Noticed a cyclops
  7435 | D:8      | Noticed a cyclops
  7435 | D:8      | Noticed a centaur warrior
  7449 | D:8      | Noticed a deep elf pyromancer
  7533 | D:8      | Identified the +7 flail of a Million Blessings {holy, rPois
                  | rF+ rCorr}
  7805 | D:9      | Reached XP level 10. HP: 61/65 MP: 14/14
  7827 | D:10     | Entered Level 10 of the Dungeon
  7907 | D:9      | Noticed a two-headed ogre
  7916 | D:9      | Killed a two-headed ogre
  7916 | D:9      | Reached *** piety under Okawaru
  7917 | D:9      | Reached skill level 9 in Fighting
  8028 | D:9      | Reached **** piety under Okawaru
  8378 | D:9      | Found a shadowy altar of Dithmenos.
  8491 | D:9      | Found a staircase to the Lair.
  8619 | Lair:1   | Entered Level 1 of the Lair of Beasts
  8627 | D:9      | Reached skill level 10 in Fighting
  8689 | Lair:1   | Noticed an elephant
  8706 | D:9      | Reached XP level 11. HP: 38/72 MP: 15/17
  8856 | Lair:1   | Reached ***** piety under Okawaru
  8861 | Lair:1   | Reached skill level 10 in Maces & Flails
  9083 | D:9      | Reached skill level 11 in Fighting
  9089 | D:9      | Received a gift from Okawaru
  9487 | Lair:1   | Reached skill level 12 in Fighting
  9489 | Lair:1   | Received a gift from Okawaru
  9501 | Lair:1   | Noticed Grum
  9509 | Lair:1   | Reached XP level 12. HP: 80/82 MP: 12/18
  9528 | Lair:1   | Killed Grum
  9691 | Lair:1   | Reached skill level 13 in Fighting
 10426 | Arena    | Entered the Arena
 10753 | Lair:2   | Received a gift from Okawaru
 10774 | Lair:2   | Reached skill level 14 in Fighting
 11269 | Lair:2   | Noticed a skyshark
 11276 | Lair:2   | Killed a skyshark
 11440 | Lair:2   | Reached XP level 13. HP: 91/91 MP: 19/19
 11532 | Arena    | Entered the Arena
 12012 | Lair:2   | You fall into a shaft and drop 2 floors!
 12167 | Lair:5   | Entered Level 5 of the Lair of Beasts
 12200 | Lair:4   | Reached skill level 15 in Fighting
 12705 | Lair:2   | Found a staircase to the Swamp.
 12914 | Lair:3   | Found a staircase to the Snake Pit.
 13698 | Lair:3   | Reached skill level 5 in Throwing
 13888 | Lair:3   | Reached skill level 16 in Fighting
 14396 | Lair:4   | Reached ****** piety under Okawaru
 14396 | Lair:4   | Received a gift from Okawaru
 14401 | Lair:4   | Reached skill level 15 in Maces & Flails
 14483 | Lair:4   | Found an ornate altar of the Wu Jian Council.
 14487 | Lair:4   | Found a viscous altar of Jiyva.
 14540 | Lair:4   | Found a staircase to the Slime Pits.
 14585 | Lair:4   | Acquired a +5 eveningstar of freezing
 14585 | Lair:4   | Received a gift from Okawaru
 14587 | Lair:4   | Acquired the +12 crystal plate armour of Awe {rN+++ Regen+
                  | Dex-2}
 14587 | Lair:4   | Received a gift from Okawaru
 14832 | Lair:4   | Gained mutation: Your large and strong wings let you fly.
                  | [Gargoyle growth]
 14832 | Lair:4   | Reached XP level 14. HP: 84/100 MP: 20/20
 15330 | Lair:5   | Received a gift from Okawaru
 15900 | Lair:5   | Received a gift from Okawaru
 15901 | Lair:5   | Reached skill level 17 in Fighting
 16724 | D:2      | Bought an amulet of regeneration for 330 gold pieces
 17070 | D:10     | Received a gift from Okawaru
 17843 | D:10     | Found a sacrificial altar of Ru.
 17843 | D:10     | Found a burning altar of Makhleb.
 18005 | D:11     | Identified the +5 dagger of Xokumul {flame, Str+3 Int+4}
 18349 | D:11     | Reached XP level 15. HP: 108/108 MP: 21/21
 18372 | D:11     | Found a staircase to the Orcish Mines.
 18753 | D:11     | Received a gift from Okawaru
 18979 | Orc:1    | Entered Level 1 of the Orcish Mines
 19038 | Orc:1    | Reached skill level 18 in Fighting
 19056 | Orc:2    | Entered Level 2 of the Orcish Mines
 19988 | Arena    | Entered the Arena
 20112 | Orc:2    | Found Apnengist's Armour Emporium.
 20113 | Orc:2    | Found Nossum's General Store.
 20114 | Orc:2    | Found Bufas's Weapon Shoppe.
 20118 | Orc:2    | Found Hovaamil's Antique Weapon Emporium.
 20168 | Orc:2    | Bought a scroll of enchant weapon for 82 gold pieces
 20244 | Orc:2    | Found a staircase to the Elven Halls.
 20772 | D:12     | Received a gift from Okawaru
 21348 | D:13     | Identified the +4 helmet of Avesh {-Tele Harm rC+++ Stlth+}
 21484 | D:13     | Reached skill level 19 in Fighting
 21488 | D:13     | Identified the +1 leather armour of Leapfrog {rCorr Str+3}
 21561 | D:13     | Found Qewnuf's Antique Weapon Shop.
 21579 | D:14     | Noticed Nessos
 21579 | D:14     | Found a gate to the Vaults.
 21930 | Arena    | Entered the Arena
 21971 | D:13     | Received a gift from Okawaru
 22030 | D:14     | Killed Nessos
 22031 | D:14     | Reached skill level 10 in Throwing
 22039 | D:14     | Found Kastraj's Jewellery Boutique.
 22388 | D:14     | Found a glowing silver altar of Zin.
 22388 | D:14     | Noticed an angel
 22620 | D:15     | Entered Level 15 of the Dungeon
 22740 | D:14     | Received a gift from Okawaru
 22755 | D:14     | Reached XP level 16. HP: 118/118 MP: 22/22
 22761 | D:14     | Reached skill level 20 in Fighting
 22892 | D:14     | You are sucked into a shaft and drop 1 floor!
 22975 | D:15     | Found a staircase to the Depths.
 22986 | D:15     | Noticed Azrael
 23038 | D:15     | Killed Azrael
 23692 | D:15     | Received a gift from Okawaru
 24362 | Swamp:1  | Entered Level 1 of the Swamp
 24503 | Swamp:1  | Received a gift from Okawaru
 24528 | Swamp:1  | Reached skill level 21 in Fighting
 24814 | Swamp:2  | Noticed Nikola
 24949 | Swamp:1  | Identified the +5 quarterstaff of Generosity {antimagic,
                  | *Corrode rElec SInv}
 25220 | Swamp:1  | Received a gift from Okawaru
 25721 | Swamp:2  | Killed from afar by Nikola

Illustrated notes

Levels and vault maps discovered:
D:1:      dpeg_arrival_three_bigger_balls, layout_basic, serial_shops, shop
D:2:      minmay_roachtagon, layout_basic, serial_shops, shop
D:3:      layout_basic, grunt_temple_overflow_magic_moments
D:4:      layout_cave_pools
D:5:      layout_gridville, mainiacjoe_overflow_six_doors_small,
          xom_teletrap_fun, nemelex_xobeh_ov_fountains_minmay, serial_shops,
          nicolae_stop_n_shop_1, serial_library,
          serial_library_hellmonk_statue_hall,
          serial_library_hellmonk_layered_room,
          serial_library_hellmonk_filled_rooms,
          serial_library_hellmonk_junction,
          serial_library_regret_index_double_sided,
          serial_library_regret_index_headful
D:6:      layout_basic, uniq_menkaure
D:7:      layout_basic, minitemple, minmay_temple_entry_wispy,
          lemuel_flamethrower_2
D:8:      layout_basic, mainiacjoe_overflow_chevrons, minivault_12
D:9:      layout_irregular_city, grunt_dithmenos_shadows, dpeg_oklobed_lair,
          minmay_misc_feat_cross
D:10:     layout_gridville, gammafunk_temple_overflow_elements,
          dk_noncrumbling_4
D:11:     minmay_ambush_box, layout_basic, hiddenorc2_lemuel,
          grunt_decor_fettered, grunt_ministairs_9, minmay_misc_feat_doors
D:12:     layout_irregular_city, nicolae_elevator_lobby_asterisk
D:13:     layout_basic, serial_shops, shop
D:14:     layout_loops_ring, david_vaults_3, zin_angel, nicolae_take_the_stairs
D:15:     hangedman_depths_entry_civil_slaughter, layout_basic, grunt_decor_cap,
          uniq_azrael
Temple:   dpeg_chambers_temple
Lair:1:   lemuel_reptile_caves, layout_cave_shapes, uniq_grum
Lair:2:   layout_layer_cave, palyth_hydra_swamp_entry, grunt_megastairs_3
Lair:3:   layout_misc_corridors, minmay_snake_entry_guardpost_small
Lair:4:   layout_regular_city, minmay_slime_entry_pillars, basic_altar
Lair:5:   gammafunk_lair_ancient_temple, layout_regular_city,
          grunt_megastairs_2, lemuel_fruit_fields, serial_bayou_shore_b
Swamp:1:  nicolae_swamp_flooded_prison, layout_falls_marsh, serial_swamp_ruin,
          evilmike_swamp_ruin_house_2, evilmike_swamp_ruin_rubble_1,
          infiniplex_staircase_pool_2
Swamp:2:  layout_basic_swamp, nicolae_swamp_big_swirl, swamp_pool_5,
          infiniplex_staircase_pool, nicolae_swamp_tree_isthmus, uniq_nikola
Swamp:3:  layout_basic_swamp, evilmike_swamp_ruin_house_5, swamp_pool_3
Orc:1:    layout_diamond_mine
Orc:2:    st_orc_mages, layout_caves, basic_altar

Skill      XL: |  1  2  3  4  5  6  7  8  9 10 11 12 13 14 15 16 |
---------------+-------------------------------------------------+-----
Throwing       | 2 3 4 6 8 10 11 | 11.8
Armour         | 1 2 3 4 5 |  5.2
Fighting       | 3 4 5 6 8 10 12 14 16 17 19 21 | 21.7
Maces & Flails | 4 5 6 8 9 11 13 15 16 17 18 | 18.4
Invocations    | 2 5 8 |  8.1
Dodging        | |  2.4

Action                     |  1- 3 |  4- 6 |  7- 9 | 10-12 | 13-15 | 16-18 || total
---------------------------+-------+-------+-------+-------+-------+-------++-------
  Melee: Flail             |   100 |       |    28 |    26 |   100 |     3 ||   257
         Punch             |     2 |     4 |     3 |       |    14 |     4 ||    27
         Dagger            |    37 |   167 |   179 |       |       |       ||   383
         Great mace        |       |       |   147 |   323 |   206 |       ||   676
         Unarmed           |       |       |     6 |       |       |       ||     6
         Eveningstar       |       |       |       |       |   833 |   328 ||  1161
  Throw: Throwing net      |       |     1 |     2 |       |       |     1 ||     4
         Dart              |       |       |     3 |       |    11 |     3 ||    17
         Boomerang         |       |       |       |    14 |    90 |    45 ||   149
         Javelin           |       |       |       |       |     3 |       ||     3
 Invoke: Heroism           |       |       |     2 |     6 |     5 |       ||    13
         Finesse           |       |       |       |     3 |     5 |       ||     8
         Duel              |       |       |       |     1 |     3 |       ||     4
         Receive Weapon    |       |       |       |       |     1 |       ||     1
         Receive Armour    |       |       |       |       |     1 |       ||     1
  Evoke: Wand              |       |       |       |     2 |     9 |     1 ||    12
    Use: Potion            |     1 |       |     2 |     4 |     2 |       ||     9
         Scroll            |       |    14 |     7 |     7 |    12 |     2 ||    42
   Stab: Held in net/web   |       |       |       |     1 |       |       ||     1
         Confused          |       |       |       |     2 |     2 |       ||     4
         Paralysed         |       |       |       |     2 |     1 |       ||     3
         Petrifying        |       |       |       |       |     1 |       ||     1
         Invisible         |       |       |       |       |     4 |       ||     4
 Armour: Leather armour    |    97 |   111 |    18 |       |       |       ||   226
         Chain mail        |       |       |   358 |   465 |    86 |       ||   909
         Skin              |       |       |    11 |       |       |       ||    11
         Plate armour      |       |       |       |       |   129 |       ||   129
         Crystal plate arm |       |       |       |       |  1151 |   324 ||  1475
  Dodge: Dodged            |   100 |   116 |   205 |   227 |   261 |    54 ||   963
